AoeStats
← Joaquito

Arena

506872753Analyzed
3v3 RM · 18d ago on Sep 15, 2026· 52m 15s· 6 players
Game mode
Random Map
Map size
Normal (6 player)
Population
200
Speed
Normal
Resources
Standard
Victory
Conquest
Starting age
Dark Age
Ending age
Imperial Age
RankedLock teamsTeams togetherTeam positionsShared explorationLock speedFull tech treeHidden civsTurbo modeCheats
Victory
Defeat
🇦🇷 Goths · Argentina
1115
+12
🇨🇱 Shu · Chile
1113
+12
🇨🇱 Cumans · Chile
1045
+16
🇪🇸 Turks · Spain
1056
-14
🇲🇽 Sicilians · Mexico
1032
-13
🇨🇳 Lithuanians · China
1013
-13
rancira95
11:57 Feudal Age
18:08 Forging
Rey Lustre
7:30 Loom
9:49 Feudal Age
18:39 Castle Age
24:55 Fletching
36:38 Imperial Age
35:07 Wheelbarrow
35:20 Fortified Wall
35:41 Double-Bit Axe
35:50 Gold Mining
39:14 Bodkin Arrow
42:53 Bracer
moresky
11:06 Feudal Age
15:40 Castle Age
13:58 Double-Bit Axe
14:26 Horse Collar
15:03 Stone Mining
16:57 Bow Saw
17:56 Loom
21:26 Wheelbarrow
21:16 Gold Mining
21:59 Heavy Plow
25:17 Hand Cart
25:35 Town Watch
27:01 Bloodlines
26:55 Husbandry
33:36 Imperial Age
33:53 Town Patrol
34:16 Thumb Ring
33:32 Elite Skirmisher
34:53 Conscription
37:18 Stone Shaft Mining
37:45 Tower Shields
37:47 Hill Forts
40:03 Hoardings
41:09 Scale Barding Armor
44:23 Chain Barding Armor
44:14 Forging
43:55 Fletching
44:06 Padded Archer Armor
43:55 Elite Leitis
46:13 Plate Barding Armor
45:39 Scale Mail Armor
48:22 Iron Casting
47:47 Bodkin Arrow
48:08 Leather Archer Armor
52:05 Ballistics
52:45 Chemistry
51:56 Masonry
51:42 Murder Holes
51:50 Bracer
51:52 Scale Mail Armor
cacadecaca38
10:36 Feudal Age
11:01 Man-at-Arms
13:41 Double-Bit Axe
26:51 Forging
28:57 Horse Collar
29:57 Wheelbarrow
33:51 Castle Age
33:59 Scale Mail Armor
34:51 Long Swordsman
34:55 Pikeman
36:21 Hand Cart
36:53 Iron Casting
36:33 Chain Mail Armor
36:38 Capped Ram
39:29 Bow Saw
41:03 Loom
43:24 Crossbowman
44:15 Squires
44:28 Heavy Plow
44:49 Fletching
45:00 Padded Archer Armor
45:48 Ballistics
47:07 Thumb Ring
Joaquito
10:54 Feudal Age
11:46 Double-Bit Axe
16:10 Fletching
16:56 Padded Archer Armor
16:43 Horse Collar
23:08 Castle Age
23:17 Crossbowman
24:04 Thumb Ring
24:10 Thumb Ring
26:03 Bodkin Arrow
26:43 Bow Saw
31:07 Wheelbarrow
30:34 Loom
33:42 Stone Mining
33:45 Gold Mining
34:16 Hand Cart
34:22 Leather Archer Armor
34:10 Heavy Plow
34:35 Town Watch
38:03 Imperial Age
36:48 Gold Shaft Mining
37:26 Ballistics
37:17 Masonry
38:25 Arbalester
40:33 Conscription
40:38 Bolt Magazine
41:42 Bracer
42:13 Ring Archer Armor
46:14 Chemistry
49:05 Architecture
Federati
10:24 Feudal Age
14:34 Castle Age
13:28 Double-Bit Axe
13:53 Horse Collar
18:13 Squires
18:27 Man-at-Arms
19:36 Long Swordsman
23:10 Heavy Plow
24:48 Wheelbarrow
24:58 Pikeman
28:11 Forging
28:02 Scale Mail Armor
31:04 Chain Mail Armor
31:25 Iron Casting
34:35 Gold Mining
36:40 Hand Cart
41:08 Town Watch
44:37 Bow Saw
48:53 Imperial Age
49:17 Halberdier
51:02 Blast Furnace
50:51 Capped Ram
Connection lost

Rejoining the realm…

Still unreachable

The connection could not be restored.

Session expired

The server has moved on; the page needs a fresh start.